 Dungeon Crawl Stone Soup version 0.31.0-11-ge490571c62 (webtiles) character file.

Game seed: 9221978258210887303

209638 Leszczynek the Bludgeoner (level 18, -5/151 HPs)
             Began as a Mummy Alchemist on Jan 27, 2024.
             Was the Champion of Okawaru.
             Killed from afar by a manticore (12 damage)
             ... with a volley of spikes
             ... on level 4 of the Shoals on Jan 28, 2024.
             The game lasted 02:14:21 (36261 turns).

Leszczynek the Bludgeoner (Mummy Alchemist)        Turns: 36261, Time: 02:14:22

Health: -5/151     AC: 21    Str: 24    XL:     18   Next: 16%
Magic:  23/23      EV: 17    Int: 22    God:    Okawaru [******]
Gold:   715        SH: 10    Dex: 12    Spells: 16/22 levels left

rFire   + . .        a - +7 demon whip of Wisdom {god gift, drain, Str+5}
rCold   . . .        h - +0 buckler
rNeg    + + +        F - +0 fire dragon scales
rPois   ∞            e - +1 helmet
rElec   .            p - +2 cloak {Will+}
rCorr   .            K - +3 pair of gloves of Spring {god gift, rPois Str+3}
SInv    .            z - +0 pair of boots "Weucaev" {rPois Int+4}
Will    +++..        l - amulet of reflection Stlth
                     L - +5 ring of evasion
HPRegen 0.45/turn    n - +4 ring of slaying
MPRegen 0.18/turn

%: reflection, faith
@: spiked, very slow
A: cold resistance 1, negative energy resistance 3, torment resistance 2, heat
vulnerability 1, in touch with death 2, no potions, faith
}: 1/15 runes: serpentine
a: Renounce Religion, Heroism, Finesse, Duel


You were on level 4 of the Shoals.
You worshipped Okawaru.
Okawaru was exalted by your worship.
You visited 6 branches of the dungeon, and saw 31 of its levels.
You also visited: Gauntlet.

You collected 3902 gold pieces.
You spent 3187 gold pieces at shops.

Inventory:

Hand Weapons
 a - the +7 demon whip of Wisdom (weapon) {god gift, drain, Str+5}
   (Okawaru gifted it to you on level 2 of the Lair of Beasts)

   Str+5:     It affects your strength (+5).
 x - a +4 morningstar
Missiles
 f - 34 boomerangs (quivered)
 g - 24 poisoned darts
 B - 11 throwing nets
 D - 8 javelins
 E - 14 curare-tipped darts
 H - 30 atropa-tipped darts
 I - 16 silver javelins {god gift}
Armour
 e - a +1 helmet (worn)
 h - a +0 buckler (worn)
 p - a +2 cloak of willpower (worn)
 z - the +0 pair of boots "Weucaev" (worn) {rPois Int+4}
   (You found it in a Gauntlet)

   Int+4:     It affects your intelligence (+4).
   rPois:     It protects you from poison
 F - +0 fire dragon scales (worn)
 K - the +3 pair of gloves of Spring (worn) {god gift, rPois Str+3}
   (Okawaru gifted it to you on level 2 of the Lair of Beasts)

   Str+3:     It affects your strength (+3).
   rPois:     It protects you from poison
 T - the +18 shield of the Gong {Loud rN+ Will+ rCorr EV-5}
   (You found it on level 14 of the Dungeon)

   Loud:      It is deafeningly noisy when blocking attacks.
   EV-5:      It affects your evasion (-5).
   rN+:       It protects you from negative energy.
   Will+:     It increases your willpower.
   rCorr:     It protects you from acid and corrosion.
Jewellery
 b - a ring of protection from cold
 c - the amulet "Paepefoq" {Reflect rElec rF- MP+9 Str+5 SH+5}
   (You found it in a Gauntlet)

   [amulet of reflection]

   Reflect:   It reflects blocked missile attacks.
   Str+5:     It affects your strength (+5).
   rF-:       It makes you vulnerable to fire.
   rElec:     It insulates you from electricity.
   MP+9:      It affects your magic capacity (+9).
   SH+5:      It affects your SH (+5).
 l - an amulet of reflection (around neck)
 n - a +4 ring of slaying (right hand)
 r - a ring of see invisible
 L - a +5 ring of evasion (left hand)
 N - a ring of willpower
 P - a ring of willpower
 Q - the amulet "Qalurig" {Acrobat Harm rF++ Dex-4 Stlth+}
   (You acquired it on level 11 of the Dungeon)

   [amulet of the acrobat]

   Acrobat:   It increases your evasion while moving and waiting.
   Dex-4:     It affects your dexterity (-4).
   rF++:      It greatly protects you from fire.
   Harm:      It increases damage dealt and taken.
   Stlth+:    It makes you more stealthy.
Wands
 j - a wand of paralysis (40)
 s - a wand of polymorph (13)
 C - a wand of digging (12)
 G - a wand of iceblast (12)
 O - a wand of flame (73)
 R - a wand of mindburst (6)
 U - a wand of quicksilver (4)
Scrolls
 d - 2 scrolls of revelation
 i - 6 scrolls of enchant weapon
 k - 4 scrolls of fear
 m - 18 scrolls of teleportation
 o - 2 scrolls of silence {!r}
 t - 8 scrolls of poison
 u - 4 scrolls of enchant armour
 w - 3 scrolls of vulnerability {!r}
 A - 3 scrolls of blinking
 J - 5 scrolls of torment {!r}
 M - 2 scrolls of fog
 V - 2 scrolls of brand weapon
Miscellaneous
 q - a lightning rod (4/4)


   Skills:
 + Level 16.0 Fighting
 - Level 16.0 Maces & Flails
 + Level 11.2 Throwing
 - Level 6.0 Armour
 - Level 7.0 Dodging
 - Level 1.5 Stealth
 - Level 4.0 Shields
 - Level 2.7 Spellcasting
 - Level 3.1 Conjurations
 - Level 2.3 Air Magic
 - Level 4.0 Alchemy
 + Level 7.6 Invocations
 - Level 10.0 Evocations


You had 16 spell levels left.
You knew the following spells:

 Your Spells              Type           Power      Damage    Failure   Level
a - Sting                 Conj/Alch      72%        1d7       10%         1
b - Mercury Vapours       Alch/Air       32%        N/A       17%         2
c - Mephitic Cloud        Conj/Alch/Air  16%        N/A       34%         3

Your spell library contained the following spells:

 Spells                   Type           Power      Damage    Failure   Level
 Necrotise                Necr           24%        1d5       38%         1
 Swiftness                Air            13%        N/A       43%         3
 Ensorcelled Hibernation  Hex/Ice        4%         N/A       52%         2
 Jinxbite                 Hex            4%         N/A       52%         2
 Hailstorm                Conj/Ice       9%         3d6       54%         3
 Olgreb's Toxic Radiance  Alch           20%        N/A       61%         4
 Gell's Gravitas          Tloc           2%         N/A       77%         3
 Inner Flame              Hex/Fire       2%         N/A       77%         3
 Passwall                 Erth           2%         N/A       77%         3
 Teleport Other           Tloc           2%         N/A       77%         3
 Vampiric Draining        Necr           6%         2d6       77%         3
 Sticky Flame             Fire/Alch      11%        2d5       87%         4
 Flame Wave               Conj/Fire      9%         2d6       91%         4
 Alistair's Intoxication  Alch           13%        N/A       91%         5
 Irradiate                Conj/Alch      9%         3d14      95%         5
 Yara's Violent Unravell  Hex/Alch       5%         3d4       99%         5
 Curse of Agony           Necr           6%         N/A       100%        5
 Dispersal                Tloc           1%         N/A       100%        6
 Enfeeble                 Hex            1%         N/A       100%        7
 Ignition                 Fire           1%         3d3       100%        8
 Shatter                  Erth           1%         3d5*      100%        9
 Summon Ice Beast         Ice/Summ       Unusable   N/A       N/A         3
 Martyr's Knell           Necr/Summ      Unusable   N/A       N/A         4
 Sculpt Simulacrum        Ice/Alch       Unusable   N/A       N/A         6

Dungeon Overview and Level Annotations

Branches:
Dungeon (15/15)            Temple (1/1) D:4            Lair (5/5) D:9
 Shoals (4/4) Lair:2        Snake (4/4) Lair:3        Slime (0/5) Lair:5
    Orc (2/2) D:11            Elf (0/3) Orc:2        Vaults (0/5) D:13
 Depths (0/4) D:15        Gauntlet (visited)

Altars:
Ashenzari
Cheibriados
Dithmenos
Fedhas
Gozag
Hepliaklqana
Kikubaaqudgha
Makhleb
Nemelex Xobeh
Okawaru
Qazlal
Ru
Sif Muna
Trog
Uskayaw
Vehumet
Wu Jian
Xom
Yredelemnul
Jiyva

Shops:
D:7 *   D:8 *   D:9 ?[   D:13 ?   Orc:1 ?:[   Orc:2 [[[=?   Shoals:1 *
Shoals:3 :

Portals:
Abyss: D:11

Annotations:
D:8 3 runed translucent doors, Vorhees's ghost, novice GrFi
D:10 Erolcha
D:11 2 transporters, Nattefrost's ghost, journeyman DrFi
D:12 exclusion: oklob plant
Shoals:3 Ilsuiw


Innate Abilities, Weirdness & Mutations

You are immune to poison.
Your flesh is cold resistant. (rC+)
You are immune to negative energy. (rN+++)
You are immune to unholy pain and torment.
You are vulnerable to heat. (rF-)
You are strongly in touch with the powers of death.
You do not drink.
You have a special connection with the divine. (Faith)


Message History

The merfolk javelineer easily resists.
You feel like a meek peon again.
The merfolk hits you from afar with a +0 trident.
* * * LOW HITPOINT WARNING * * *
The merfolk javelineer throws a silver javelin.
The silver javelin closely misses you.
The water nymph flows with the water.
Unknown command.
Unknown command.
You thrash the merfolk javelineer!!
The merfolk javelineer is moderately wounded.
You block the merfolk's attack.
Unknown command.
You hit the merfolk javelineer.
The merfolk javelineer is moderately wounded.
The merfolk javelineer throws a silver javelin.
The silver javelin pierces through you!
* * * LOW HITPOINT WARNING * * *
* * * LOW HITPOINT WARNING * * *
A merfolk impaler comes into view.
It is wielding a +3 trident of freezing.
Unknown command.
Press: ? - help, v - describe, . - travel, g - get item Item here: a silver javelin {god gift}.
Some shallow water, summoned.
Enter note: what i want to know
Enter note: is why the stairs disappeared AND WON"T FUCKING APPEAR AGAIN AFTER I KILLED THE NYMPH THE ACQUAMANCER AND WHATEVER THE FUCK WAS RIGHT NEXT TO ME Unknown command.
Blink to where?
Press: ? - help, Dir - move target, p - merfolk javelineer Splash!
You fall into the shallow water.
Moving in this stuff is going to be slow.
A manticore and a water nymph come into view.
Found a cloak.
As you read the scroll of blinking, it crumbles to dust.
The water nymph shouts!
You hear a shout!
A merfolk siren comes into view. It is wielding a +0 trident.
The manticore flicks its tail.
The volley of spikes skewers you!
The barbed spikes become lodged in your body.
You die...

~~~~~~..m ~~ ~~~~~[...
~~~ ~~~~~~~~.... ...~
~~~.~~~~~~~~###...~.
~~~~.~~H~~~~~~~......
~~~~~~~~~..~~~~~~~......
~~~~~~~......~~~~~~~~.# .
~~~~~.......~~~@~~~~.##..
#~~..........~~..~~~....
#~........~†...........
#~.......)))...~.......
#~.......)#####~m~.....
#~~...!†)## ##~~.....
##~~..†)..# ~~.....
###~~~~m†m..# ~~.....
≈≈~~~)~.(÷~)# .......


You could see a merfolk javelineer, a manticore, a merfolk siren and a water
nymph.

Vanquished Creatures
  Polyphemus (Shoals:2)
  Kirke (Lair:3)
  A kraken (Shoals:2)
  3 nagarajas
  A minotaur (Gauntlet)
  3 merfolk javelineers
  A fire dragon (D:15)
  3 merfolk impalers
  5 salamander tyrants
  4 vault guards (D:13)
  5 hydras
  5 merfolk aquamancers
  2 merfolk avatars
  A death knight (D:15)
  3 centaur warriors
  2 ogre magi (Orc:2)
  2 boulder beetles
  A catoblepas (Shoals:2)
  7 alligator snapping turtles
  21 anacondas
  4 death yaks (Shoals:2)
  6 two-headed ogres
  10 naga warriors
  3 tengu warriors
  A deep troll earth mage (D:14)
  3 orc high priests (Orc:2)
  9 naga sharpshooters
  Sonja (D:13)
  15 shock serpents
  6 skysharks
  9 salamander mystics
  A fire crab (shapeshifter) (D:13)
  3 skeletal warriors
  A goliath frog (Shoals:1)
  11 sea snakes
  17 mana vipers
  3 lindwurms (Snake:4)
  14 harpies
  An orb spider (D:14)
  8 naga ritualists
  5 orc knights
  2 deep elf pyromancers (D:15)
  6 cyclopes
  2 lightning spires (Gauntlet)
  4 ugly things
  22 salamanders
  4 orc sorcerers
  5 fauns
  8 manticores
  11 elephants
  5 kobold blastminers (Orc:2)
  33 black mambas
  Maurice (D:7)
  2 merfolk sirens
  11 naga magi
  A guardian serpent (shapeshifter) (D:13)
  2 vault sentinels
  6 water nymphs
  12 guardian serpents
  9 cane toads
  6 rime drakes
  2 unseen horrors
  3 gargoyles
  Jeremiah (D:9)
  A kobold demonologist (D:12)
  An efreet (D:14)
  3 yaktaurs (D:15)
  2 tengu conjurers (D:15)
  10 komodo dragons
  A freezing wraith (D:13)
  20 merfolk
  7 trolls
  7 wind drakes
  A queen bee (shapeshifter) (D:14)
  3 polar bears
  A glass eye (shapeshifter) (D:13)
  12 blink frogs
  10 dream sheep
  4 hornets
  3 snapping turtles
  2 raiju (Gauntlet)
  Sigmund (D:5)
  11 slime creatures
  A vampire (D:11)
  2 centaur simulacra (Gauntlet)
  5 wraiths
  14 water elementals
  5 wyverns
  2 hogs (Lair:3)
  37 yaks
  3 wargs (Orc:2)
  10 humans
  Grum (D:9)
  2 basilisks
  5 steam dragons
  4 vampire mosquitoes (D:12)
  Edmund (D:5)
  31 nagas
  Menkaure (D:5)
  2 swamp worms (Gauntlet)
  14 water moccasins
  2 ice beasts
  19 orc warriors
  2 black bears (D:5)
  12 wolves
  A laughing skull (D:14)
  6 ogres
  5 centaurs
  2 phantoms
  A kobold brigand (D:8)
  9 bullfrogs
  A gnoll sergeant (D:9)
  4 scorpions
  14 wights
  A hornet simulacrum (D:15)
  15 killer bees
  2 howler monkeys
  An electric eel (Lair:2)
  3 lava snakes (Lair:3)
  6 jellies
  A wyvern simulacrum (Gauntlet)
  8 hounds
  12 orc priests
  2 gnoll boudas
  A sleepcap (D:6)
  Ijyb (D:3)
  Jessica (D:3)
  2 iguanas
  Natasha (twice) (D:3)
  16 orc wizards
  20 gnolls
  An adder (D:2)
  2 white imps
  4 ufetubi
  4 dart slugs
  3 ribbon worms
  55 orcs
  4 bats
  8 endoplasms
  5 giant cockroaches
  6 goblins
  9 hobgoblins
  11 jackals
  15 kobolds
  10 quokkas
  4 ball pythons
  A frilled lizard (D:1)
  5 rats
  3 tentacles (Shoals:2)
923 creatures vanquished.

Vanquished Creatures (others)
  A merfolk aquamancer (Shoals:4)
  A human (D:13)
  An orc priest (Orc:2)
  23 tentacles (Shoals:2)
26 creatures vanquished.

Grand Total: 949 creatures vanquished

Notes
Turn   | Place    | Note
-------+----------+-------------------------------------------
     0 | D:1      | Leszczynek the Mummy Alchemist began the quest for the Orb.
     0 | D:1      | Reached XP level 1. HP: 13/13 MP: 4/4
    67 | D:1      | Reached skill level 1 in Conjurations
   222 | D:1      | Reached XP level 2. HP: 15/19 MP: 1/5
   271 | D:1      | Learned a level 2 spell: Mercury Vapours
   727 | D:1      | Found a faded altar of an unknown god.
   807 | D:1      | Reached skill level 3 in Alchemy
   914 | D:2      | Reached XP level 3. HP: 19/24 MP: 4/7
  1057 | D:2      | Learned a level 3 spell: Mephitic Cloud
  1348 | D:2      | Reached skill level 2 in Conjurations
  1487 | D:2      | Reached XP level 4. HP: 11/30 MP: 0/8
  1553 | D:2      | Reached skill level 1 in Air Magic
  1998 | D:3      | Noticed Natasha
  2005 | D:3      | Killed Natasha
  2235 | D:3      | Reached XP level 5. HP: 35/35 MP: 6/9
  2290 | D:3      | Found an ancient bone altar of Kikubaaqudgha.
  2292 | D:3      | Found a stormy altar of Qazlal.
  2337 | D:3      | Noticed Natasha
  2348 | D:3      | Killed Natasha
  2395 | D:3      | Noticed Ijyb
  2419 | D:3      | Paralysed by Ijyb for 5 turns
  2420 | D:3      | Killed Ijyb
  2609 | D:3      | Noticed Jessica
  2620 | D:3      | Killed Jessica
  2621 | D:3      | Reached skill level 2 in Air Magic
  2788 | D:4      | Noticed a phantom
  2823 | D:4      | Killed a phantom
  2824 | D:4      | Reached skill level 3 in Conjurations
  2824 | D:4      | Reached skill level 4 in Alchemy
  2824 | D:4      | Reached XP level 6. HP: 17/41 MP: 10/10
  2920 | D:4      | Found a bloodstained altar of Trog.
  3155 | D:4      | Found a staircase to the Ecumenical Temple.
  3529 | Temple   | Entered the Ecumenical Temple
  3548 | Temple   | Became a worshipper of Warmaster Okawaru
  3694 | D:4      | Reached skill level 1 in Fighting
  3885 | D:5      | Entered Level 5 of the Dungeon
  3931 | D:5      | Reached skill level 2 in Fighting
  3931 | D:5      | Reached skill level 1 in Maces & Flails
  3936 | D:5      | Reached * piety under Okawaru
  3937 | D:5      | Reached XP level 7. HP: 42/51 MP: 7/11
  4015 | D:4      | Reached skill level 3 in Fighting
  4117 | D:5      | Noticed Sigmund
  4249 | D:5      | Found a blossoming altar of Fedhas.
  4290 | D:5      | Reached skill level 2 in Maces & Flails
  4389 | D:5      | Noticed Menkaure
  4400 | D:5      | Killed Menkaure
  4401 | D:5      | Reached skill level 4 in Fighting
  4428 | D:5      | Noticed Edmund
  4434 | D:5      | man
  4466 | D:5      | HP: 10/54 [Edmund/+2 flail of protection (7)]
  4469 | D:5      | HP: 1/54 [Edmund/+2 flail of protection (9)]
  4480 | D:5      | Killed Edmund
  4481 | D:5      | Reached skill level 3 in Maces & Flails
  4483 | D:5      | 7 failures in a row at 49%
  4483 | D:5      | less than 1% chance of that happening
  4751 | D:5      | Killed Sigmund
  4752 | D:5      | Reached skill level 5 in Fighting
  4752 | D:5      | Reached XP level 8. HP: 46/62 MP: 12/12
  4858 | D:5      | Reached skill level 4 in Maces & Flails
  5035 | D:5      | Reached ** piety under Okawaru
  5546 | D:5      | Found a shadowy altar of Dithmenos.
  5670 | D:6      | Found a broken altar of Ashenzari.
  5709 | D:6      | Reached skill level 5 in Maces & Flails
  5729 | D:6      | Reached skill level 1 in Evocations
  6027 | D:6      | Reached skill level 2 in Evocations
  6092 | D:6      | Reached skill level 6 in Maces & Flails
  6429 | D:7      | Reached skill level 1 in Shields
  6429 | D:7      | Reached XP level 9. HP: 30/68 MP: 13/13
  6651 | D:7      | Reached *** piety under Okawaru
  6741 | D:7      | Reached skill level 2 in Shields
  6782 | D:7      | Found Inuopp's Assorted Antiques.
  6805 | D:7      | Reached skill level 7 in Maces & Flails
  6827 | D:7      | Bought a scroll of teleportation for 84 gold pieces
  6827 | D:7      | Bought a scroll labelled LOR GENOXKIO for 28 gold pieces
  6827 | D:7      | Bought a scroll labelled OWKUVIE NUUCITS for 28 gold pieces
  7158 | D:7      | Found a shimmering blue altar of Sif Muna.
  7316 | D:7      | Noticed Maurice
  7324 | D:7      | Paralysed by something for 4 turns
  7325 | D:7      | Something stole an amulet of regeneration
  7328 | D:7      | Something stole a +4 dagger of electrocution
  7343 | D:7      | Something stole 6 poisoned darts
  7361 | D:7      | Something stole 171 gold
  7384 | D:7      | Paralysed by something for 5 turns
  7387 | D:7      | Killed Maurice
  7388 | D:7      | Reached skill level 3 in Shields
  7580 | D:7      | Reached skill level 8 in Maces & Flails
  7819 | D:8      | Found a runed translucent gate.
  7820 | D:8      | Found a runed translucent gate.
  7827 | D:8      | Found a runed translucent gate.
  7831 | D:8      | Noticed Vorhees's ghost (novice GrFi)
  7884 | D:8      | Found an opulent altar of Gozag.
  7888 | D:8      | there's gozag
  7888 | D:8      | a bit late
  7939 | D:8      | Found Vuinih's General Store.
  8015 | D:8      | Bought a scroll of noise for 14 gold pieces
  8015 | D:8      | Bought a scroll of identify for 28 gold pieces
  8015 | D:8      | Bought a scroll of teleportation for 42 gold pieces
  8015 | D:8      | Bought a scroll of identify for 28 gold pieces
  8225 | D:8      | Reached skill level 1 in Invocations
  8225 | D:8      | Reached XP level 10. HP: 69/74 MP: 14/14
  8425 | D:9      | Reached skill level 4 in Shields
  8442 | D:9      | Found a staircase to the Lair.
  8613 | D:9      | Reached **** piety under Okawaru
  8761 | D:9      | Reached skill level 2 in Invocations
  8781 | D:9      | Found Seal's Magic Scroll Shoppe.
  8784 | D:9      | Bought a scroll of fear for 64 gold pieces
  8784 | D:9      | Bought a scroll of torment for 152 gold pieces
  9056 | D:9      | Reached skill level 9 in Maces & Flails
  9148 | D:9      | Reached skill level 6 in Fighting
  9153 | D:9      | Reached skill level 2 in Dodging
  9228 | D:9      | Found Xegoog's Armour Emporium.
  9247 | D:9      | Noticed Jeremiah
  9256 | D:9      | Noticed Grum
  9267 | D:9      | Reached skill level 3 in Invocations
  9274 | D:9      | Killed Jeremiah
  9274 | D:9      | Reached ***** piety under Okawaru
  9355 | D:9      | Killed Grum
  9439 | D:9      | Reached skill level 3 in Dodging
  9678 | D:10     | Entered Level 10 of the Dungeon
  9855 | D:10     | Noticed a two-headed ogre
  9947 | D:10     | Killed a two-headed ogre
  9948 | D:10     | Reached skill level 7 in Fighting
  9948 | D:10     | Reached skill level 4 in Invocations
  9948 | D:10     | Reached XP level 11. HP: 52/84 MP: 12/15
 10211 | D:10     | Noticed Erolcha
 10681 | Lair:1   | Entered Level 1 of the Lair of Beasts
 10740 | Lair:1   | Reached skill level 10 in Maces & Flails
 10879 | Lair:1   | Received a gift from Okawaru
 11229 | Lair:1   | Reached skill level 1 in Throwing
 11322 | Lair:1   | Reached skill level 8 in Fighting
 11619 | Lair:1   | Reached skill level 2 in Throwing
 12106 | Lair:2   | Noticed a boulder beetle
 12121 | Lair:2   | Killed a boulder beetle
 12122 | Lair:2   | Reached skill level 3 in Throwing
 12175 | Lair:2   | HP: 12/87 [black mamba (9)]
 12179 | Lair:2   | Received a gift from Okawaru
 12451 | Lair:2   | Reached skill level 4 in Throwing
 12461 | Lair:2   | Reached skill level 9 in Fighting
 12588 | Lair:2   | Reached ****** piety under Okawaru
 12589 | Lair:2   | Reached skill level 1 in Armour
 12595 | Lair:2   | Acquired the +7 demon whip of Wisdom {god gift, drain,
                  | Str+5}
 12595 | Lair:2   | Received a gift from Okawaru
 12762 | Lair:2   | Acquired the +3 pair of gloves of Spring {god gift, rPois
                  | Str+3}
 12762 | Lair:2   | Received a gift from Okawaru
 13002 | Lair:2   | Reached skill level 3 in Evocations
 13002 | Lair:2   | Reached XP level 12. HP: 89/95 MP: 16/16
 13007 | Lair:2   | Received a gift from Okawaru
 13012 | Lair:2   | Reached skill level 2 in Armour
 13026 | Lair:2   | Noticed a six-headed hydra
 13034 | Lair:2   | Killed a six-headed hydra
 13164 | Lair:2   | Reached skill level 5 in Throwing
 13532 | Lair:3   | Received a gift from Okawaru
 13588 | Lair:3   | Reached skill level 3 in Armour
 13671 | Lair:3   | Reached skill level 4 in Evocations
 13790 | Lair:3   | Reached skill level 5 in Invocations
 13872 | Lair:3   | Noticed Kirke
 13906 | Lair:3   | Killed Kirke
 13907 | Lair:3   | Reached skill level 11 in Maces & Flails
 13986 | Lair:3   | Received a gift from Okawaru
 14190 | Lair:4   | Reached skill level 6 in Throwing
 14267 | Lair:4   | Noticed a five-headed hydra
 14276 | Lair:4   | Killed a five-headed hydra
 14383 | Lair:4   | Noticed a four-headed hydra
 14405 | Lair:4   | Killed a four-headed hydra
 14406 | Lair:4   | Reached skill level 10 in Fighting
 14406 | Lair:4   | Gained mutation: You are strongly in touch with the powers
                  | of death. [Mummy growth]
 14406 | Lair:4   | Reached XP level 13. HP: 100/103 MP: 17/17
 14551 | Lair:4   | Reached skill level 6 in Invocations
 14697 | Lair:5   | Entered Level 5 of the Lair of Beasts
 14760 | Lair:5   | Received a gift from Okawaru
 14945 | Lair:5   | Found a staircase to the Slime Pits.
 14948 | Lair:5   | Found a viscous altar of Jiyva.
 15150 | Lair:5   | Reached skill level 12 in Maces & Flails
 15364 | Lair:5   | Received a gift from Okawaru
 15373 | Lair:5   | Reached skill level 7 in Throwing
 15597 | Lair:5   | Reached skill level 7 in Invocations
 15663 | Lair:5   | Received a gift from Okawaru
 15799 | Lair:5   | Reached skill level 11 in Fighting
 15827 | Lair:5   | Identified the +4 rapier of Maddelow {holy, Str+2 Int+4}
 16292 | Lair:3   | Found a staircase to the Snake Pit.
 16444 | Lair:2   | Found a staircase to the Shoals.
 16718 | D:11     | Found a transporter.
 16755 | D:11     | Found a transporter.
 16765 | D:11     | Found a staircase to the Orcish Mines.
 16766 | D:11     | Noticed Nattefrost's ghost (journeyman DrFi)
 16775 | D:11     | Found a one-way gate to the infinite horrors of the Abyss.
 16859 | D:11     | Received a gift from Okawaru
 16988 | D:11     | Identified 2 scrolls of acquirement
 16989 | D:11     | 2 acquirements
 16989 | D:11     | there's a harm dex-4 rf++ amulet there
 16989 | D:11     | and i wonder if i'm desperate enough
 16989 | D:11     | it sure feels like i should be taking it
 16989 | D:11     | wow
 16989 | D:11     | Acquired the amulet "Qalurig" {Acrobat Harm rF++ Dex-4
                  | Stlth+}
 16991 | D:11     | Acquired 982 gold pieces
 16993 | D:11     | why the fuck am i offered a triple crossbow
 16993 | D:11     | 0 in ranged weapons
 16993 | D:11     | look at this shit
 16993 | D:11     | i had two characters with 18+ in ranged weapons
 16993 | D:11     | and nothing of that
 17173 | D:12     | Reached XP level 14. HP: 113/113 MP: 19/19
 17263 | D:12     | Identified the +1 robe of Freedom {rN+}
 17342 | D:12     | Found a blossoming altar of Fedhas.
 17463 | D:12     | Reached skill level 13 in Maces & Flails
 18026 | D:13     | Found The Oracle's Delphic Readings.
 18054 | D:13     | Noticed Sonja
 18065 | D:13     | Killed Sonja
 18065 | D:13     | Received a gift from Okawaru
 18430 | D:13     | Reached skill level 8 in Throwing
 18813 | D:13     | Received a gift from Okawaru
 18983 | D:13     | Found a gate to the Vaults.
 19778 | D:15     | Entered Level 15 of the Dungeon
 19798 | D:14     | Received a gift from Okawaru
 20036 | D:14     | Reached skill level 12 in Fighting
 20057 | D:14     | Found the +18 shield of the Gong {Loud rN+ Will+ rCorr
                  | EV-5}
 20311 | D:14     | Reached skill level 4 in Dodging
 20547 | D:15     | Found a staircase to the Depths.
 20742 | D:15     | Reached skill level 14 in Maces & Flails
 20778 | D:15     | Reached skill level 5 in Evocations
 20799 | D:15     | Received a gift from Okawaru
 21463 | D:13     | Bought a scroll of blinking for 97 gold pieces
 21553 | Orc:1    | Entered Level 1 of the Orcish Mines
 21553 | Orc:1    | Found Cyxzoh Lau's Book Shop.
 21690 | Orc:2    | Entered Level 2 of the Orcish Mines
 21690 | Orc:2    | Found a gate leading to a gauntlet.
 21697 | Orc:2    | Reached XP level 15. HP: 122/122 MP: 17/20
 21735 | Orc:2    | Received a gift from Okawaru
 21779 | Gauntlet | Entered a Gauntlet
 21779 | Gauntlet | Found a transporter.
 21872 | Gauntlet | Found a transporter.
 21874 | Gauntlet | Found a transporter.
 21911 | Gauntlet | Found a transporter.
 21911 | Gauntlet | Found the +2 cloak of the Thief {*Fog Slay-2 SInv Stlth+}
 21914 | Gauntlet | Found a transporter.
 21922 | Gauntlet | Found a runed translucent gate.
 21922 | Gauntlet | Found a runed translucent gate.
 21922 | Gauntlet | Found a runed translucent gate.
 21925 | Gauntlet | Found a transporter.
 21941 | Gauntlet | Found a transporter.
 21951 | Gauntlet | Found a transporter.
 21965 | Gauntlet | Found a transporter.
 21968 | Gauntlet | Found a transporter.
 21974 | Gauntlet | Found a transporter.
 21975 | Gauntlet | Found a transporter.
 22003 | Gauntlet | Found a runed translucent door.
 22005 | Gauntlet | Found a transporter.
 22007 | Gauntlet | Found a runed translucent door.
 22019 | Gauntlet | Found a transporter.
 22095 | Gauntlet | Identified the +4 hand axe of Valiance {flame, Int+5}
 22134 | Gauntlet | Identified the amulet "Paepefoq" {Reflect rElec rF- MP+9
                  | Str+5 SH+5}
 22140 | Gauntlet | yeah i don't think i want this one
 22169 | Gauntlet | wait actually
 22169 | Gauntlet | XD
 22179 | Gauntlet | it's actually better for this particular situation
 22402 | Gauntlet | Identified the +0 pair of boots "Weucaev" {rPois Int+4}
 22403 | Gauntlet | wow they're awful
 22468 | Gauntlet | Got the Writings on the Contaminated Volcano
 22603 | Orc:1    | Found Rusailok's Magic Scroll Shoppe.
 22933 | Orc:2    | Found a staircase to the Elven Halls.
 23058 | Orc:2    | Found Tide's Magic Scroll Boutique.
 23084 | Orc:2    | Reached skill level 5 in Dodging
 23092 | Orc:1    | Found Vuurei Demumn's Antique Armour Shoppe.
 23257 | Orc:2    | Received a gift from Okawaru
 23581 | Orc:2    | Reached skill level 4 in Armour
 23815 | Orc:2    | Found Mamaiper's Jewellery Boutique.
 23815 | Orc:2    | Found Qebuca's Armour Shoppe.
 23817 | Orc:2    | Found Arood's Armour Shoppe.
 23817 | Orc:2    | Found Sasawuwa's Antique Armour Boutique.
 23836 | Orc:2    | Bought a ring of protection from cold for 425 gold pieces
 23847 | Orc:2    | Bought a jewelled scale mail for 216 gold pieces
 23847 | Orc:2    | Identified the +2 scale mail "Damnable Contraption" {rElec
                  | Regen+ Str-5 Stlth+} (You bought it in a shop on level 2 of
                  | the Orcish Mines)
 23889 | Orc:2    | Bought a scroll of teleportation for 42 gold pieces
 23889 | Orc:2    | Bought a scroll of teleportation for 42 gold pieces
 23889 | Orc:2    | Bought a scroll of blinking for 105 gold pieces
 23889 | Orc:2    | Bought a scroll of revelation for 105 gold pieces
 23889 | Orc:2    | Bought a scroll of teleportation for 42 gold pieces
 23936 | Orc:1    | Bought a scroll of poison for 64 gold pieces
 23936 | Orc:1    | Bought 3 scrolls of poison for 192 gold pieces
 23936 | Orc:1    | Bought a scroll of torment for 152 gold pieces
 23936 | Orc:1    | Bought a scroll of enchant weapon for 120 gold pieces
 23995 | Orc:1    | Bought a steaming plate armour for 672 gold pieces
 23995 | Orc:1    | Identified the +0 plate armour of the Slorg {rF+ Will+
                  | Stlth+} (You bought it in a shop on level 1 of the Orcish
                  | Mines)
 23998 | Orc:1    | Bought a heavily runed chain mail for 228 gold pieces
 23998 | Orc:1    | Identified the +2 chain mail of Divine Compulsion {Will-
                  | Dex+3} (You bought it in a shop on level 1 of the Orcish
                  | Mines)
 24002 | Orc:1    | nope
 24142 | D:9      | Bought a scroll of teleportation for 48 gold pieces
 24142 | D:9      | Bought a scroll of poison for 64 gold pieces
 24142 | D:9      | Bought a scroll of teleportation for 48 gold pieces
 24227 | Snake:1  | Entered Level 1 of the Snake Pit
 24238 | Snake:1  | Reached skill level 6 in Evocations
 24837 | Snake:1  | Received a gift from Okawaru
 25046 | Snake:1  | wow
 25046 | Snake:1  | that's uh fair
 25056 | Snake:1  | oh
 25060 | Snake:1  | you can't be serious
 25060 | Snake:1  | what's the chance?
 25067 | Snake:1  | 3 teleports to finally not appear in pretty much the same
                  | spot
 25450 | Snake:1  | Reached skill level 13 in Fighting
 25519 | Snake:2  | Reached skill level 15 in Maces & Flails
 25765 | Snake:2  | Received a gift from Okawaru
 25981 | Snake:2  | Reached skill level 7 in Evocations
 26031 | Snake:2  | Reached skill level 9 in Throwing
 26198 | Snake:2  | Reached XP level 16. HP: 121/131 MP: 21/21
 26267 | Snake:2  | Received a gift from Okawaru
 27370 | Snake:3  | Received a gift from Okawaru
 27780 | Snake:3  | Identified the +3 ring mail of Usineic {Will+ Dex+4 Slay-2}
 28361 | Snake:3  | Reached skill level 14 in Fighting
 28437 | Snake:3  | Reached skill level 8 in Evocations
 28574 | Snake:3  | Received a gift from Okawaru
 29086 | Snake:3  | Reached skill level 10 in Throwing
 29156 | Snake:4  | Entered Level 4 of the Snake Pit
 29198 | Snake:4  | Received a gift from Okawaru
 29830 | Snake:4  | Received a gift from Okawaru
 30453 | Snake:4  | Reached XP level 17. HP: 129/140 MP: 22/22
 30735 | Snake:4  | Reached skill level 5 in Armour
 30994 | Snake:4  | Reached skill level 16 in Maces & Flails
 31128 | Snake:4  | Reached skill level 9 in Evocations
 31149 | Snake:4  | Reached skill level 6 in Dodging
 31385 | Snake:4  | Received a gift from Okawaru
 31725 | Snake:4  | Got a serpentine rune of Zot
 32030 | Shoals:1 | Entered Level 1 of the Shoals
 32030 | Shoals:1 | Found Zifiwk's General Store.
 32034 | Shoals:1 | Bought a scroll of teleportation for 57 gold pieces
 32147 | Shoals:1 | Reached skill level 15 in Fighting
 32794 | Shoals:1 | Received a gift from Okawaru
 33113 | Shoals:1 | Identified the +0 hand axe of the Apocalypse {flame, rC-
                  | Will+ Str+3 Int+4}
 33172 | Shoals:1 | Reached skill level 6 in Armour
 33287 | Shoals:2 | Noticed Polyphemus
 33288 | Shoals:2 | hm
 33554 | Shoals:2 | Noticed a kraken
 34022 | Shoals:2 | Killed a kraken
 34178 | Shoals:2 | Reached skill level 7 in Dodging
 34215 | Shoals:2 | Received a gift from Okawaru
 34543 | Shoals:2 | Killed Polyphemus
 34678 | Shoals:2 | Reached skill level 10 in Evocations
 34887 | Shoals:2 | Noticed a kraken
 35525 | Shoals:3 | Found Tavu Eju's Book Shop.
 35592 | Shoals:3 | Received a gift from Okawaru
 35743 | Shoals:3 | Reached skill level 11 in Throwing
 35743 | Shoals:3 | Reached XP level 18. HP: 147/151 MP: 23/23
 35746 | Shoals:3 | Noticed Ilsuiw
 35752 | Shoals:2 | no no no nononononono
 35996 | Shoals:4 | Entered Level 4 of the Shoals
 36221 | Shoals:4 | Reached skill level 16 in Fighting
 36241 | Shoals:4 | Received a gift from Okawaru
 36257 | Shoals:4 | HP: 24/151 [merfolk javelineer/silver javelin (10)]
 36260 | Shoals:4 | HP: 10/151 [merfolk javelineer/silver javelin (10)]
 36261 | Shoals:4 | what i want to know
 36261 | Shoals:4 | is why the stairs disappeared AND WON"T FUCKING APPEAR
                  | AGAIN AFTER I KILLED THE NYMPH THE ACQUAMANCER AND WHATEVER
                  | THE FUCK WAS RIGHT NEXT TO ME
 36261 | Shoals:4 | Killed from afar by a manticore

Illustrated notes ............# ............# ............# ##############'###### ##...................# .......!.............# .....................# .....................# ................@....# .....................# .....................# ##...................# .#############.......# ....###### #.......# .........## #.......# ≈≈≈§§≈≈≈..####.......# .......§.............# Turn 4434 on D:5: man ..................# ###########.......# .###### #.......# ...§..## #.......# §§≈≈§..####.......# ...§§.............# ♣♣♣.§..######.....# ..♣.§..# #.....# _.♣.≈..# #...@.# ..♣§≈..# #.....# ♣.♣§§§.# #.....# §§.§§§.# #.....# §≈≈§§§.# #.....# ......## #.....# .###### ####### ## Turn 4483 on D:5: 7 failures in a row at 49% .##....)...>..<...## ................#..# # ............##.###.# .# .............#.###.##.##.. ....#....#................ ........###......K........ .....#### #.####.#.##.##.. ....# #...##.#..K..... ... #.#.@..###...K.K .. #.####..# K.##K# .). ...K...# .K ##... ###..K.# ..##. $$$K# #.. .. $_$.. ... .. $$.. ##. ## ... Turn 7888 on D:8: there's gozag ### ####># ##### ####....###### #..@# #............. #...# #............. #...# #......####... #...###...####..##.. #........©#!...x##.# #...###...##^##W.### #....#.....##### ... #..............##∩#. ######..........#.#^ Turn 16989 on D:11: 2 acquirements ### ####># ##### ####....###### #..@# #............. #...# #............. #...# #......####... #...###...####..##.. #........©#!...x##.# #...###...##^##W.### #....#.....##### ... #..............##∩#. ######..........#.#^ Turn 16993 on D:11: why the fuck am i offered a triple crossbow #≈...#!#≈..#.###.♣.♣P♣..≈# ##...#©#≈©.#.#©#.........#### #≈.♣.#[#≈..#.#.#########..≈≈# ≈≈...#.###+#.#.#.......#...≈# #≈...#8....hh#.#.#.###.#....#### ##...#########.#....#..###...≈≈# #≈.♣.........#©#©†#©#.##©#.♣..≈# ≈≈...#########.#..#...##.#.P...## #≈...#(=#.##.#.#@###.###.#...♣..≈ ##.P.##.##..##.#.......#.#...PP.. #..♣.###.^#.##.#########.#.♣P..♣. ..P..#©.#©##.#©#.......#.#....... .♣...##.##.8####...♣...#.######## .....###..#.##...P.P...#.#....... .....#h.#.##8#..P#≈#≈#.#.##..##.. .....#########.PP≈≈≈≈≈.#.###..##. ..∩............♣P#≈#≈#.#©#©##©.## Turn 22140 on Gauntlet: yeah i don't think i want this one #≈≈≈#≈≈≈#≈≈≈#≈≈≈#≈≈≈#### #≈..................≈≈# ##.P.#########..P....≈# ##≈.♣.#h8.....#.♣......#### #≈≈.P.#?###+#.#.........≈≈# ##≈...#!#≈..#.###.♣.♣P♣..≈# ##...#©#≈©.#.#©#.........#### ##≈.♣.#[#≈..#.#.#########..≈≈# #≈≈...#.###+#h#@#.......#...≈# ##≈...#8.....h#.#.#.###.#....### ##...#########.#....#..###...≈≈ ##≈.♣.........#©#©†#©#.##©#.♣..≈ #≈≈...#########.#..#...##.#.P... ##≈...#(=#.##.#.#.###.###.#...♣. ##.P.##.##..##.#.......#.#...PP .##..♣.###.^#.##.#########.#.♣P.. .#..P..#©.#©##.#©#.......#.#..... Turn 22169 on Gauntlet: wait actually #≈≈≈#≈≈≈#≈≈≈#≈≈≈#≈≈≈#### #≈..................≈≈# ##.P.#########..P....≈# ##≈.♣.#h8.....#.♣......#### #≈≈.P.#?###+#.#.........≈≈# ##≈...#!#≈..#.###.♣.♣P♣..≈# ##...#©#≈©.#.#©#.........#### ##≈.♣.#[#≈..#.#.#########..≈≈# #≈≈...#.###+#h#@#.......#...≈# ##≈...#8.....h#.#.#.###.#....### ##...#########.#....#..###...≈≈ ##≈.♣.........#©#©†#©#.##©#.♣..≈ #≈≈...#########.#..#...##.#.P... ##≈...#(=#h##.#.#.###.###.#...♣. ##.P.##.##..##.#.......#.#...PP .##..♣.###.^#.##.#########.#.♣P.. .#..P..#©.#©##.#©#.......#.#..... Turn 22179 on Gauntlet: it's actually better for this particular situation ##≈###≈###≈###≈###≈## #≈≈≈#≈≈≈#≈≈≈#≈≈≈#≈≈≈#### #≈..................≈≈# ##.P.#########..P....≈# ##≈.♣.#.......#.♣......# #≈≈.P.#.###'#.#......... ##≈...#!#≈..#.###.♣.♣P♣. ##...#©#≈©†#.#©#....... ##≈.♣.#@#≈..#.#.######## #≈≈...#.###'#.#.#....... ##≈...#.......#.#.#.###. ##...#########.#....#.. ##≈.♣.........#©#©.#©#.# #≈≈...#########.#..#...# ##≈...#h=#.##.#.#.###.## ##.P.##.##..##.#....... ..##..♣.###.^#.##.######## Turn 22403 on Gauntlet: wow they're awful #......##..................# ###..#.#..##...............## #.##...............[).....## ...................>.......# #.#.................[.....## ....................[....## .......#..................# #........................## #.........#.....@........# .#..#........#........#.## .................[[...### .#......#..#......∩...# ###.##.#######.##..#.## ###### ######### Turn 24002 on Orc:1: nope .#..#.#...# .##....##.# ..#.##.##.### .##.#####...### .##.## ###...### .##..## ###...#### .##...## ##.....# ..#....# #.SSS.# ..#...## #.S@S.# ..#..## ###S### ..#.## ... ..#.# #...# ..#.# 8...8 ..### #...§.# ..## #..S..# ...### 8.....8 .....# Turn 25046 on Snake:1: wow ..##...## ##.....# ...#....# #..§..# ...#...## #.S§†.# ...#..## ###§### ...#.## #.S§# ...#.# ##§..## ...#.# #8...8# ...### #.SS..# ...## #S@S..# ....### #8SSS..8# ......# #.$.....# ...#..# #...8...# #.....# #.......# #..#..## #8.....8# #..#...# ##.....## #..##..## #.....# ######..# Turn 25056 on Snake:1: oh .##.)..## ###...### ..#.#...# #....##.# #.##.##.### #.#####...### #.## ###...### #..## ###...#### #...## ##....@# #....# #.....# #...## #...†.# #..## ###'### #.## #...# #.# ##...## #.# #8...8# ### #SSS..# ## #S.S..# Turn 25060 on Snake:1: you can't be serious #....####..##### ##...##.##..# ##...##..#....# #.).##..##.#..# ##..###.#### ... #...###)### .. ##...##...# . #....#...# ##...##@<# ######### #..###..#####.......## ######.........####..# #.........##### #### ##....##### ###....# ###### Turn 25067 on Snake:1: 3 teleports to finally not appear in pretty much the same spot P..#...~~≈≈≈≈≈ ..#..~~≈≈≈≈≈≈ .....~~≈≈≈≈≈ ....~~≈≈≈≈≈ ...~~~≈≈≈≈ ..)~~≈≈≈≈ #..~~~≈≈≈ #@..~~~~~ #..Y.H~~~ C##...~.. .# #....H [# #..HH .# .... ## ##. Turn 33288 on Shoals:2: hm

.....~~.~~~~~.......~....~~....~~
.~~~.....................~~~..~~~
..~~....#...###..........~~~~....
...~~...##..# ###........~≈≈~~...
###.....[.).#####...~~~..≈≈≈~....
###.~...............~≈~..~≈~..~~~
)~~.~~~~~~~..................~~~~
~~~~~~~~~~~~.......≈≈..~.....~~~~
~..~~~~~~~~~~..#@.≈≈≈≈~~~~...~~≈≈
~..~~.~~~~..~..[..~≈≈≈~~..~.~~~≈≈
~~~~~~~~~............P~~..~P~~≈≈≈
~~~~~~~~~.....###.)..~≈P.~≈≈≈≈≈≈≈
~~~~~~≈~~~~....##....~≈≈.≈≈≈≈≈≈≈~
~~~≈≈≈≈≈~~~~....<..P...~≈≈≈≈≈≈≈~~
≈≈≈≈≈≈≈≈≈≈~~).....P~≈...~≈≈≈≈≈≈~≈
≈≈≈≈≈~~~PP....PP.≈≈~~≈≈P~~≈≈
≈≈≈≈≈~~..P~~PP~.~≈≈~≈≈≈~~~~~


Turn 35752 on Shoals:2: no no no nononononono ~~~~~~~......~~~~~..~.# .
~~~~~.......~~~~~~~~.##.. #~~..........~~~~....... #~........~†.~~.~......
#~.......)))~H~m~...... #~.......)#####.~~..... #~~...!†)## ##.......
##~~..†)..# ....... #####~~~~m†@..# ....... ≈≈≈≈~~~)~.(÷m)# .......
≈≈≈≈##'##)m~†## !...... ≈≈≈##)~~##~...#####~...m.[. ≈ #~~~~~#~~.....~.........
#~~)..#~~~~~~~~~~... #~~...#~~~~~~~m~m... ##...##≈≈~~~~~≈≈~~..
#####≈≈≈≈≈≈≈≈≈≈~~.# Turn 36261 on Shoals:4: what i want to know

Levels and vault maps discovered:
D:1:      minmay_arrival_three_doors, layout_rooms,
          shapermc_ecumenical_altar_petra, chequers_serial_rivers_small_a,
          hex_large, nrook_mini_vaults
D:2:      cheibrodos_pilgrimage, layout_loops_ring,
          chequers_serial_rivers_micro_c
D:3:      layout_loops_cross, chequers_temple_overflow_statue_of_worship,
          uniq_natasha, uniq_jessica, uniq_ijyb
D:4:      layout_loops_corners, trog_three_pillars_becter,
          minmay_temple_entry_wispy, grunt_ministairs_8
D:5:      layout_gridville, mainiacjoe_overflow_brackets,
          mainiacjoe_overflow_cross_hatched, amcnicky_mini_corridor_feature,
          uniq_sigmund, uniq_edmund, uniq_menkaure
D:6:      layout_basic, mainiacjoe_overflow_boulevard,
          nicolae_elyvilon_temple_path, gup_sewer_entry_pipe, dk_noncrumbling_2
D:7:      cheibrodos_steamvent, layout_loops_ring, lemuel_tele_altar,
          old_standard_altar, serial_shops, shop, kennysheep_boxes, uniq_maurice
D:8:      layout_rooms, nicolae_gozag_seed_capital, ebering_ghost_rock_garden,
          nicolae_inconvenience_store
D:9:      layout_big_octagon, lair_entry_dummy, serial_gnoll_camp,
          gnoll_camp_medium_01, grums_kennel, gnoll_camp_mini_hut,
          gnoll_camp_mini_shop, serial_shops, nicolae_shop_tiny_real_fake_doors,
          uniq_jeremiah
D:10:     layout_loops_corners, uniq_erolcha
D:11:     layout_rooms, orc_0_dummy, gammafunk_ghost_abyssal_escape
D:12:     layout_cave_pools, tgw_fedhas
D:13:     layout_roguey, ximxim_vaults_locker_room, nicolae_nh_oracle_at_delphi,
          uniq_sonja
D:14:     layout_rooms, hellmonk_guarded_unrand_gong
D:15:     hellmonk_depths_entry_around_the_bend, layout_irregular_city,
          grunt_decor_arrowhead, amcnicky_mini_pool_medium
Temple:   nicolae_temple_slightly_damp_pantheon
Lair:1:   layout_regular_city, grunt_megastairs_4, serial_bayou_shore_a
Lair:2:   cheibrodos_lair_river_kwai, layout_small_grid, minmay_shoals_entry_hut
Lair:3:   layout_chaotic_city, nicolae_snake_entry_warm_welcome, uniq_kirke
Lair:4:   layout_regular_city, nzn_sisyphean_effort, grunt_megastairs_3
Lair:5:   gammafunk_lair_ancient_temple, layout_gridlike,
          nicolae_slime_entry_slimehenge, chequers_serial_rivers_micro_e,
          pdpol_lair_neglected_garden, serial_bayou_shore_b
Shoals:1: layout_shoals, serial_shops, shop, nicolae_shoals_goliath_grotto
Shoals:2: layout_shoals, uniq_polyphemus
Shoals:3: layout_shoals, serial_shops, shop, uniq_ilsuiw
Shoals:4: shoals_end_simple, layout_shoals, nicolae_shop_gadgets, uniq_louise
Snake:1:  nicolae_snake_unarmed_stairs_patrol, layout_onion_interference,
          serial_bayou_pond_b
Snake:2:  cheibrodos_forgotten_conduit, layout_onion,
          nicolae_twisty_statue_hallways
Snake:3:  layout_onion
Snake:4:  snake_pit_salamanders_mu, layout_misc_corridors
Orc:1:    layout_caves, serial_shops, nicolae_shop_getting_attention, shop, shop
Orc:2:    grunt_orc_tribal_feast, layout_caves, serial_shops,
          nicolae_shop_tiny_real_fake_doors, gauntlet_entry_generic

Skill      XL: |  1  2  3  4  5  6  7  8  9 10 11 12 13 14 15 16 17 18 |
---------------+-------------------------------------------------------+-----
Conjurations   | 1 2 3 |  3.1
Alchemy        | 3 4 |  4.0
Air Magic      | 1 2 |  2.3
Fighting       | 2 5 7 9 10 11 12 13 14 15 16 | 16.0
Maces & Flails | 1 3 6 8 9 10 11 12 14 15 16 | 16.0
Evocations     | 2 3 4 5 7 8 10 | 10.0
Shields        | 1 3 4 |  4.0
Invocations    | 1 4 5 7 |  7.6
Dodging        | 3 4 5 7 |  7.0
Throwing       | 4 6 7 8 9 10 11 | 11.2
Armour         | 1 3 4 6 |  6.0
Stealth        | |  1.5
Spellcasting   | |  2.7

Action                     |  1- 3 |  4- 6 |  7- 9 | 10-12 | 13-15 | 16-18 || total
---------------------------+-------+-------+-------+-------+-------+-------++-------
  Melee: Unarmed           |     3 |       |       |       |       |       ||     3
         Dagger            |    25 |   138 |   236 |       |       |       ||   399
         Punch             |     1 |     1 |     1 |       |       |       ||     3
         Flail             |       |       |    45 |       |       |       ||    45
         Morningstar       |       |       |    39 |   395 |       |       ||   434
         Demon whip        |       |       |       |   249 |  1247 |  1255 ||  2751
   Fire: Sling             |    14 |     2 |     2 |       |       |       ||    18
  Throw: Dart              |       |       |       |     6 |     2 |    15 ||    23
         Boomerang         |       |       |       |    16 |   143 |   125 ||   284
         Javelin           |       |       |       |       |    16 |     8 ||    24
   Cast: Sting             |    37 |    32 |    34 |     3 |       |       ||   106
         Mercury Vapours   |     6 |     6 |     8 |     4 |       |       ||    24
 Invoke: Heroism           |       |       |     4 |     6 |    11 |    14 ||    35
         Receive Weapon    |       |       |       |     1 |       |       ||     1
         Receive Armour    |       |       |       |     1 |       |       ||     1
         Finesse           |       |       |       |       |     1 |       ||     1
  Evoke: Wand              |       |       |    16 |     1 |    10 |     9 ||    36
    Use: Scroll            |       |     3 |     9 |     3 |     9 |     3 ||    27
   Stab: Sleeping          |       |     3 |       |     1 |       |       ||     4
         Paralysed         |       |       |    13 |       |     1 |     5 ||    19
         Distracted        |       |       |       |       |     1 |       ||     1
 Armour: Robe              |    34 |    48 |       |       |       |       ||    82
         Ring mail         |       |    20 |   155 |       |       |       ||   175
         Steam dragon scal |       |       |    49 |   313 |   251 |       ||   613
         Fire dragon scale |       |       |       |       |   231 |   629 ||   860
  Dodge: Dodged            |    29 |    84 |   144 |   234 |   522 |   472 ||  1485
  Block: Other             |       |    10 |    32 |       |       |       ||    42
         Reflection        |       |       |    13 |    13 |    39 |    44 ||   109
         Buckler           |       |       |    52 |   279 |   423 |   422 ||  1176
